 Dungeon Crawl Stone Soup version 0.28.0-53-g5a82cb258f (webtiles) character file.

Game seed: 11428226812013572384

65 Zeld the Chopper (level 3, -2/33 HPs)
             Began as a Minotaur Berserker on June 18, 2022.
             Was a Believer of Trog.
             Killed from afar by an orc wizard (9 damage)
             ... with a puff of flame
             ... on level 2 of the Dungeon.
             The game lasted 00:01:47 (1681 turns).

Zeld the Chopper (Minotaur Berserker)               Turns: 1681, Time: 00:01:48

Health: -2/33      AC:  3    Str: 23    XL:     3   Next: 94%
Magic:  2/2        EV: 12    Int:  4    God:    Trog [**....]
Gold:   112        SH:  0    Dex:  9    Spells: 2/2 levels left

rFire   . . .      SeeInvis .   a - +0 hand axe
rCold   . . .      Faith    .   (no shield)
rNeg    . . .      Spirit   .   b - +0 animal skin
rPois   .          Reflect  .   (helmet restricted)
rElec   .          Harm     .   (no cloak)
rCorr   .          Rampage  .   (no gloves)
Will    .....                   g - +0 pair of boots
Stlth   +.........              (no amulet)
HPRegen 0.11/turn               (no ring)
MPRegen 0.08/turn               (no ring)

@: no status effects
A: horns 2, retaliatory headbutt
a: Renounce Religion, Berserk, Trog's Hand


You were on level 2 of the Dungeon.
You worshipped Trog.
Trog was pleased with you.
You visited 1 branch of the dungeon, and saw 3 of its levels.

You collected 112 gold pieces.

Inventory:

Hand Weapons
 a - a +0 hand axe (weapon)
Armour
 b - a +0 animal skin (worn)
 g - a +0 pair of boots (worn)
Scrolls
 c - a scroll of brand weapon {unknown}
 e - 2 scrolls of identify {unknown}
 j - a scroll of enchant weapon {unknown}
 l - a scroll of fear {unknown}
Potions
 d - a potion of might {unknown}
 f - a potion of haste {unknown}
 h - a potion of brilliance {unknown}
 i - a potion of cancellation {unknown}
 k - a potion of ambrosia {unknown}
 m - a potion of attraction {unknown}


   Skills:
 + Level 4.1 Fighting
 * Level 4.7 Axes
 + Level 3.1 Armour
 + Level 2.8 Dodging


You had 2 spell levels left.
You didn't know any spells.
Your spell library was empty.

Dungeon Overview and Level Annotations

Branches:
Dungeon (3/15)

Altars:


Innate Abilities, Weirdness & Mutations

You have a pair of horns on your head.
You reflexively headbutt those who attack you in melee.


Message History

You hear some strange, mumbled words.
A puff of flame appears from out of thin air!
The puff of flame hits you!
A magic dart appears from out of thin air!
The magic dart hits you.
You are confused.
You're too confused to move!
You bump into the rock wall.
You feel less confused. The goblin hits you but does no damage.
A magic dart appears from out of thin air!
The magic dart hits something.
The orc misses you.
You are confused.
Found a stone staircase leading up.
An orc wizard appears from thin air!
Reactivating autopickup.
Found a hunting sling.
You're too confused to move!
The goblin hits you with a +0 club.
* * * LOW HITPOINT WARNING * * *
You bump into the rock wall.
The goblin barely misses you.
The orc wizard mumbles some strange words.
The orc wizard flickers and vanishes!
Deactivating autopickup; reactivate with Ctrl-A.
You hit the goblin.
You kill the goblin!
Trog accepts your kill.
You feel less confused. Something hits you.
* * * LOW HITPOINT WARNING * * *
There is a stone staircase leading up here.
Something hits you.
* * * LOW HITPOINT WARNING * * *
You climb upwards.
Reactivating autopickup.
There is a stone staircase leading down here.
You start resting.
You hear some strange, mumbled words.
A puff of flame appears from out of thin air!
Deactivating autopickup; reactivate with Ctrl-A.
The puff of flame hits you!
You die...

####.###..# #....<...# # #.#
#..# #.######.# ## #.# #..# #.#
#.# .###.# #..# #.# #.# #....#
#..########.### #.# .#####
#<............# ##.####### ##
##.#######....###......... # #.#
##................. #.#
##.@{....##.######.#
###.####.........#.# #.#
#..................# #.#
#.#.####.........#.# #.# ####
#.#.# ##.......##.## #.# ...#
#.#.# ##.....##...#####.# ##.#
#.#.#######...##.#.#.##...#
#.####..#.##....................
#..)...###.#....................


There were no monsters in sight!

Vanquished Creatures
  2 adders (D:2)
  A worm (D:2)
  3 bats
  3 endoplasms (D:2)
  8 goblins
  6 hobgoblins
  A quokka (D:1)
  7 ball pythons
  2 frilled lizards (D:1)
  6 kobolds
  3 rats
42 creatures vanquished.

Vanquished Creatures (others)
  8 plants (D:1)
8 creatures vanquished.

Grand Total: 50 creatures vanquished

Notes
Turn   | Place    | Note
-------+----------+-------------------------------------------
     0 | D:1      | Zeld the Minotaur Berserker began the quest for the Orb.
     0 | D:1      | Reached XP level 1. HP: 19/19 MP: 0/0
   271 | D:1      | Reached XP level 2. HP: 27/27 MP: 1/1
   603 | D:1      | Found a faded altar of an unknown god.
   814 | D:2      | Reached XP level 3. HP: 24/33 MP: 2/2
  1019 | D:2      | Reached ** piety under Trog
  1681 | D:2      | Killed from afar by an orc wizard

Illustrated notes

Levels and vault maps discovered:
D:1:      mainiacjoe_arrival_reflecting_pool, layout_rooms,
          ebering_ecumenical_altar_webs, kennysheep_boxes
D:2:      kennysheep_the_goblin_king, layout_loops_ring
D:3:      layout_rooms

Skill      XL: |  1  2  3 |
---------------+----------+-----
Axes           | 4 |  4.7
Fighting       | 4 |  4.1
Armour         | 3 |  3.1
Dodging        | |  2.8

Action                   || total
-------------------------++-------
Melee: Hand axe          ||    89
       Headbutt          ||    13
Armor: Animal skin       ||    23
Dodge: Dodged            ||    76
